 Dungeon Crawl Stone Soup version 0.27-a0-1188-g73eefd5def (webtiles) character file.

Game seed: 10253996133641799769

2 wakim the Insei (level 1, -3/13 HPs)
             Began as an Octopode Transmuter on May 20, 2021.
             Slain by a quokka (4 damage)
             ... on level 1 of the Dungeon.
             The game lasted 00:00:34 (160 turns).

wakim the Insei (Octopode Transmuter)                Turns: 160, Time: 00:00:35

Health: -3/13      AC:  1    Str:  9    XL:     1   Next: 40%
Magic:  2/3        EV: 13    Int: 15    God:
Gold:   11         SH:  0    Dex: 12    Spells: 3/4 levels left

rFire    . . .     SeeInvis .     - Unarmed
rCold    . . .     Faith    .   (no shield)
rNeg     . . .     Spirit   .   (helmet currently unavailable)
rPois    .         Reflect  .   (no amulet)
rElec    .         Harm     .   (no ring)
rCorr    .         Rampage  .   (no ring)
Will     .....                  (no ring)
Stlth    +++.......             (no ring)
HPRegen  0.04/turn              (no ring)
MPRegen  0.08/turn              (no ring)
                                (no ring)
                                (no ring)

@: appendages
A: tentacle spike 3, almost no armour, amphibious, 8 rings, camouflage 1,
gelatinous body 1, (nimble swimmer 1), tentacles
a: End Transformation


You were on level 1 of the Dungeon.
One of your tentacles had grown a beastly spike.
You visited 1 branch of the dungeon, and saw 1 of its levels.

You collected 11 gold pieces.

You aren't carrying anything.


   Skills:
 - Level 1.0 Fighting
 - Level 2.0 Dodging
 * Level 1.0 Stealth
 + Level 3.0 Unarmed Combat
 - Level 2.0 Spellcasting
 - Level 2.0 Transmutations


You had 3 spell levels left.
You knew the following spells:

 Your Spells              Type           Power      Damage    Failure   Level
a - Beastly Appendage     Tmut           14%        N/A       10%         1

Your spell library contained the following spells:

 Spells                   Type           Power      Damage    Failure   Level
 Wereblood                Tmut           7%         N/A       14%         2
 Spider Form              Tmut/Pois      2%         N/A       41%         3
 Ice Form                 Ice/Tmut       4%         N/A       82%         4
 Hydra Form               Tmut           3%         N/A       95%         5


Dungeon Overview and Level Annotations

Branches:
Dungeon (1/15)

Altars:


Innate Abilities, Weirdness & Mutations

One of your tentacles has grown a beastly spike.
You cannot wear most types of armour.
You are amphibious.
You can wear up to eight rings at the same time.
Your skin changes colour to match your surroundings (Stealth+).
Your rubbery body absorbs attacks. (AC +1, EV +1)
((You are camouflaged near water. (Stealth+)))
You have tentacles for arms and can constrict up to eight enemies at once.


Message History

Things that are here:
a +0 short sword; 5 stones You see here a +0 hand axe.
A frilled lizard comes into view.
The frilled lizard hisses angrily.
The frilled lizard bites you.
You tentacle-slap the frilled lizard but do no damage.
Your grab misses the frilled lizard. The frilled lizard barely misses you.
You closely miss the frilled lizard. Your grab misses the frilled lizard.
You squeeze the frilled lizard.
You kill the frilled lizard!
Your Stealth skill increases to level 1!
No target in view!
A quokka comes into view.
An endoplasm comes into view.
The quokka barely misses you.
You tentacle-slap the quokka. Your grab misses the quokka.
The quokka is heavily wounded.
The quokka bites you.
You barely miss the quokka. Your grab misses the quokka.
The quokka is heavily wounded.
The quokka misses you.
You barely miss the quokka. Your grab misses the quokka.
The quokka is heavily wounded.
The quokka bites you.
* * * LOW HITPOINT WARNING * * *
The quokka bites you.
* * * LOW HITPOINT WARNING * * *
Unknown command.
Sorry, you're not good enough to have a special ability.
Casting: Beastly Appendage (safe; 10% risk of failure)
Confirm with . or Enter, or press ? or * to list all spells.
One of your tentacles grows a vicious spike.
The quokka closely misses you.
You tentacle-slap the quokka but do no damage.
Your grab misses the quokka.
You pierce the quokka, but do no damage.
The quokka is heavily wounded.
The quokka bites you.
You die...

..## ... ..###
#######...#
#.......#.#
#.###...#.# #.#
#.....# #.# #...###
#.# #..@###.##+# #.#
##.#r.......
#.####.#........
#....#..........
####.#..........
#.#.........#
#.#.J.......# ###
#.#.........# ##<##
#.#.........####...##


You could see a quokka.

Vanquished Creatures
  An endoplasm (D:1)
  A frilled lizard (D:1)
  A kobold (D:1)
3 creatures vanquished.

Notes
Turn   | Place    | Note
-------+----------+-------------------------------------------
     0 | D:1      | wakim the Octopode Transmuter began the quest for the Orb.
     0 | D:1      | Reached XP level 1. HP: 13/13 MP: 3/3
    98 | D:1      | Reached skill level 1 in Stealth
   160 | D:1      | Slain by a quokka

Illustrated notes

Levels and vault maps discovered:
D:1:      mainiacjoe_arrival_reflecting_pool, layout_basic, serial_shops,
          nicolae_shop_statue_plus, hellmonk_ecumenical_altar_crossroads

Skill      XL: |  1 |
---------------+----+-----
Stealth        | 1 |  1.0
Fighting       | |  1.0
Dodging        | |  2.0
Unarmed Combat | |  3.0
Spellcasting   | |  2.0
Transmutations | |  2.0

Action                   || total
-------------------------++-------
Melee: Unarmed           ||     8
       Kick              ||     2
       Tentacles         ||     2
       Constrict         ||     1
 Cast: Beastly Appendage ||     2
Dodge: Dodged            ||     4

Table legend: (Time is in decaauts)
 A = Elapsed time spent in this place.
 B = Non-inter-level travel time spent in this place.
 C = Inter-level travel time spent in this place.
 D = Time resting spent in this place.
 E = Time spent auto-exploring this place.
 F = Levels seen in this place.
 G = Mean time per level.
                   A        B        C        D        E       F      G
               +--------+--------+--------+--------+--------+-----+--------+
         Total |    159 |    159 |      0 |      0 |    142 |   1 |  159.0 |
       Dungeon |    159 |    159 |      0 |      0 |    142 |   1 |  159.0 |
               +--------+--------+--------+--------+--------+-----+--------+

Top non-repeatable levels by time:
     D:1: 159 daAuts
